ORI
UNIVERSITY OF MAINE BLACK BEARS @ CALIFORNIA STATE UNIVERSITY AT FULLERTON TITANS
12/23/2046
 
TOP OF THE 1ST
University of Maine Black Bears batting - Pitching for California State University at Fullerton Titans : RHP Mario Viera
Pitching: RHP Mario Viera
Batting: RHB Frank Gould 0-0: Called Strike
0-1: Ball
1-1: Ball
2-1: SINGLE (Groundball, 6, EV 94.4 MPH)
Batting: LHB John Bergeron 0-0: Ball
Frank Gould steals 2nd base
1-0: Called Strike
1-1: Called Strike
1-2: Strikes out looking
Batting: RHB Geoffrey Potter 0-0: Ground out 6-3 (Groundball, 6, EV 81.2 MPH)
Frank Gould to third
Batting: SHB Ron Handford 0-0: Foul Ball, location: 2F
0-1: Ball
1-1: Ball
2-1: Foul Ball, location: 2F
2-2: Strikes out looking
Top of the 1st over - 0 runs, 1 hit, 0 errors, 1 left on base; University of Maine 0 - California State University at Fullerton 0
BOTTOM OF THE 1ST
California State University at Fullerton Titans batting - Pitching for University of Maine Black Bears : RHP Sean Elder
Pitching: RHP Sean Elder
Now in CF: Wang Huan
Now in RF: Frank Gould
Batting: LHB Steve Lane 0-0: Foul Ball, location: 2F
0-1: DOUBLE (Groundball, 5L, EV 96.2 MPH)
Batting: RHB Alex Freyre 0-0: Called Strike
0-1: Ball
1-1: Foul Ball, location: 2F
1-2: Foul Ball, location: 2F
1-2: Ground out 4-3 (Groundball, 34, EV 90.6 MPH)
Steve Lane to third
Batting: RHB Justin Thomas 0-0: Ball
1-0: Ball
2-0: 2-RUN HOME RUN (Flyball, 78XD, EV 100.6 MPH), Distance : 404 ft
Batting: RHB Simon Sultzbach 0-0: Ball
1-0: Ground out 6-3 (Groundball, 6, EV 81.9 MPH)
Batting: RHB Joe McKinzie 0-0: Ball
1-0: Ball
2-0: Swinging Strike
2-1: SINGLE (Groundball, 3S, EV 100.0 MPH)
Batting: LHB John Blumberg 0-0: Fly out, F3 (Popup, 3S, EV 71.2 MPH)
Bottom of the 1st over - 2 runs, 3 hits, 0 errors, 1 left on base; University of Maine 0 - California State University at Fullerton 2
TOP OF THE 2ND
University of Maine Black Bears batting - Pitching for California State University at Fullerton Titans : RHP Mario Viera
Batting: RHB Justin Degon 0-0: Called Strike
0-1: Ball
1-1: Foul Ball, location: 2F
1-2: SINGLE (Groundball, P, EV 86.2 MPH) (infield hit)
Batting: RHB Wang Huan 0-0: Ball
Justin Degon steals 2nd base
1-0: Ball
Justin Degon steals 3rd base
2-0: Called Strike
2-1: Foul Ball, location: 2F
2-2: Ground out 5-3 (Groundball, 56S, EV 88.1 MPH)
Justin Degon scores
Batting: RHB Bryan Douglas 0-0: Ball
1-0: Ball
2-0: Called Strike
2-1: Swinging Strike
2-2: Foul Ball, location: 2F
2-2: Ball
3-2: Ground out 6-3 (Groundball, 6, EV 85.0 MPH)
Batting: RHB Geoffrey Gonzalez 0-0: Ball
1-0: Called Strike
1-1: Foul Ball, location: 2F
1-2: Ball
2-2: Ball
3-2: Hit by Pitch
Batting: RHB Dave MacAulay 0-0: Called Strike
0-1: Ball
1-1: Ball
2-1: SINGLE (Line Drive, 7S, EV 98.8 MPH)
Geoffrey Gonzalez to second
Batting: RHB Frank Gould 0-0: Ball
1-0: Ball
2-0: Ball
3-0: Called Strike
3-1: Foul Ball, location: 2F
3-2: Fly out, F2 (Popup, 2LF, EV 90.6 MPH)
Top of the 2nd over - 1 run, 2 hits, 0 errors, 2 left on base; University of Maine 1 - California State University at Fullerton 2
BOTTOM OF THE 2ND
California State University at Fullerton Titans batting - Pitching for University of Maine Black Bears : RHP Sean Elder
Batting: LHB Mike Lauritsen 0-0: Called Strike
0-1: Swinging Strike
0-2: Hit by Pitch
Batting: LHB Kris Zimbalist 0-0: Swinging Strike
0-1: Ball
1-1: Swinging Strike
1-2: Strikes out swinging
Batting: RHB Jeremy Evans 0-0: Called Strike
0-1: Ball
1-1: Ball
2-1: Fielders Choice at 2nd, 6-4 (Groundball, 56, EV 88.1 MPH)
Batting: LHB Steve Lane 0-0: Ball
Jeremy Evans steals 2nd base
1-0: Swinging Strike
1-1: Ball
2-1: Called Strike
2-2: Ball
3-2: Ground out 4-3 (Groundball, 34D, EV 102.5 MPH)
Bottom of the 2nd over - 0 runs, 0 hits, 0 errors, 1 left on base; University of Maine 1 - California State University at Fullerton 2
TOP OF THE 3RD
University of Maine Black Bears batting - Pitching for California State University at Fullerton Titans : RHP Mario Viera
Batting: LHB John Bergeron 0-0: Called Strike
0-1: Ball
1-1: Ball
2-1: Ball
3-1: Base on Balls
Batting: RHB Geoffrey Potter 0-0: Ball
1-0: Ball
2-0: Fly out, F7 (Line Drive, 7LM, EV 90.0 MPH)
Batting: SHB Ron Handford 0-0: Called Strike
0-1: Ball
1-1: Swinging Strike
1-2: Strikes out looking
Batting: RHB Justin Degon 0-0: Called Strike
0-1: Foul Ball, location: 2F
0-2: Ball
1-2: Strikes out looking
Top of the 3rd over - 0 runs, 0 hits, 0 errors, 1 left on base; University of Maine 1 - California State University at Fullerton 2
BOTTOM OF THE 3RD
California State University at Fullerton Titans batting - Pitching for University of Maine Black Bears : RHP Sean Elder
Batting: RHB Alex Freyre 0-0: Called Strike
0-1: Swinging Strike
0-2: Strikes out looking
Batting: RHB Justin Thomas 0-0: Foul Ball, location: 2F
0-1: Swinging Strike
0-2: Foul Ball, location: 2F
0-2: Ground out 5-3 (Groundball, 56S, EV 76.2 MPH)
Batting: RHB Simon Sultzbach 0-0: Ball
1-0: Ground out 6-3 (Groundball, 6M, EV 77.5 MPH)
Bottom of the 3rd over - 0 runs, 0 hits, 0 errors, 0 left on base; University of Maine 1 - California State University at Fullerton 2
TOP OF THE 4TH
University of Maine Black Bears batting - Pitching for California State University at Fullerton Titans : RHP Mario Viera
Batting: RHB Wang Huan 0-0: Ball
1-0: Ball
2-0: Fly out, F9 (Line Drive, 9, EV 86.2 MPH)
Batting: RHB Bryan Douglas 0-0: Foul Ball, location: 2F
0-1: Ball
1-1: Ball
2-1: Ball
3-1: Ground out 4-3 (Groundball, 34, EV 102.5 MPH)
Batting: RHB Geoffrey Gonzalez 0-0: Ball
1-0: Ball
2-0: Called Strike
2-1: Foul Ball, location: 2F
2-2: Ball
3-2: Foul Ball, location: 2F
3-2: Fly out, F5 (Popup, 5F, EV 66.9 MPH)
Top of the 4th over - 0 runs, 0 hits, 0 errors, 0 left on base; University of Maine 1 - California State University at Fullerton 2
BOTTOM OF THE 4TH
California State University at Fullerton Titans batting - Pitching for University of Maine Black Bears : RHP Sean Elder
Batting: RHB Joe McKinzie 0-0: Swinging Strike
0-1: Called Strike
0-2: Strikes out swinging
Batting: LHB John Blumberg 0-0: Called Strike
0-1: Swinging Strike
0-2: Strikes out looking
Batting: LHB Mike Lauritsen 0-0: Called Strike
0-1: Foul Ball, location: 2F
0-2: Ball
1-2: Ball
2-2: Ball
3-2: Strikes out looking
Bottom of the 4th over - 0 runs, 0 hits, 0 errors, 0 left on base; University of Maine 1 - California State University at Fullerton 2
TOP OF THE 5TH
University of Maine Black Bears batting - Pitching for California State University at Fullerton Titans : RHP Mario Viera
Pitching: LHP Hugo Alba
Batting: RHB Dave MacAulay 0-0: Ball
1-0: Ball
2-0: Called Strike
2-1: Foul Ball, location: 2F
2-2: Foul Ball, location: 2F
2-2: TRIPLE (Flyball, 9LD, EV 105.0 MPH)
Batting: RHB Frank Gould 0-0: Ball
1-0: SINGLE (Line Drive, 4M, EV 97.5 MPH)
Dave MacAulay scores
Batting: LHB John Bergeron 0-0: Ball
1-0: Ball
2-0: Foul Ball, location: 2F
2-1: Ball
3-1: Swinging Strike
3-2: Base on Balls
Frank Gould to second
Batting: RHB Geoffrey Potter 0-0: Ball
1-0: Fielders Choice at 2nd, 6-4 (Groundball, 56, EV 99.4 MPH)
Frank Gould to third
Batting: SHB Ron Handford Pickoff Throw to First - Out! 1-3
0-0: Ball
Wild Pitch!
Frank Gould scores
1-0: Ball
2-0: Ball
3-0: Called Strike
3-1: Base on Balls
Batting: RHB Justin Degon 0-0: Fielders Choice at 2nd, 6-4 (Groundball, 6, EV 98.1 MPH)
Top of the 5th over - 2 runs, 2 hits, 0 errors, 1 left on base; University of Maine 3 - California State University at Fullerton 2
BOTTOM OF THE 5TH
California State University at Fullerton Titans batting - Pitching for University of Maine Black Bears : RHP Sean Elder
Batting: LHB Kris Zimbalist 0-0: Foul Ball, location: 2F
0-1: Foul Ball, location: 2F
0-2: Ball
1-2: Ball
2-2: SINGLE (Groundball, 6MD, EV 107.5 MPH)
Batting: RHB Jeremy Evans 0-0: Ball
Kris Zimbalist steals 2nd, throwing error, E2
Kris Zimbalist to third
1-0: Called Strike
1-1: Called Strike
1-2: SINGLE (Groundball, 4, EV 101.9 MPH) (infield hit)
Kris Zimbalist scores
Batting: LHB Steve Lane 0-0: Ball
Jeremy Evans steals 2nd base
1-0: Ball
2-0: Foul Ball, location: 2F
2-1: Ball
3-1: Base on Balls
Pitching: LHP Garrett Strobel
Batting: RHB Alex Freyre 0-0: Ball
1-0: Foul Ball, location: 2F
1-1: Called Strike
1-2: SINGLE (Groundball, 3, EV 110.6 MPH) (infield hit)
Jeremy Evans to third
Steve Lane to second
Batting: RHB Justin Thomas 0-0: Ball
1-0: Called Strike
1-1: SINGLE (Groundball, 56, EV 98.1 MPH)
Jeremy Evans scores
Steve Lane to third
Alex Freyre to second
Batting: RHB Simon Sultzbach 0-0: Called Strike
0-1: Ball
1-1: Ball
2-1: Ball
3-1: Foul Ball, location: 2F
3-2: Fly out, F9 (Flyball, 9S, EV 73.1 MPH)
Batting: RHB Joe McKinzie 0-0: Called Strike
0-1: Foul Ball, location: 2F
0-2: Grounds into fielders choice 4-2 (Groundball, 4, EV 85.6 MPH)
Alex Freyre to third
Justin Thomas to second
Batting: LHB John Blumberg 0-0: Ball
1-0: Ball
2-0: Called Strike
2-1: Fly out, F9 (Flyball, 89M, EV 84.4 MPH)
Bottom of the 5th over - 2 runs, 4 hits, 1 error, 3 left on base; University of Maine 3 - California State University at Fullerton 4
TOP OF THE 6TH
University of Maine Black Bears batting - Pitching for California State University at Fullerton Titans : LHP Hugo Alba
Batting: RHB Wang Huan 0-0: Called Strike
0-1: Ground out 1-3 (Groundball, 34S, EV 65.0 MPH)
Batting: RHB Bryan Douglas 0-0: Swinging Strike
0-1: Ground out 6-3 (Groundball, 6, EV 93.8 MPH)
Batting: RHB Geoffrey Gonzalez 0-0: Ball
1-0: Ball
2-0: Called Strike
2-1: Foul Ball, location: 2F
2-2: Fly out, F9 (Flyball, 9LD, EV 90.0 MPH)
Top of the 6th over - 0 runs, 0 hits, 0 errors, 0 left on base; University of Maine 3 - California State University at Fullerton 4
BOTTOM OF THE 6TH
California State University at Fullerton Titans batting - Pitching for University of Maine Black Bears : LHP Garrett Strobel
Batting: LHB Mike Lauritsen 0-0: Ball
1-0: Ball
2-0: Called Strike
2-1: Fly out, F4 (Line Drive, 4, EV 71.2 MPH)
Batting: LHB Kris Zimbalist 0-0: Ball
1-0: Foul Ball, location: 2F
1-1: Ball
2-1: Foul Ball, location: 2F
2-2: Foul Ball, location: 2F
2-2: Ball
3-2: Strikes out swinging
Batting: RHB Jeremy Evans 0-0: Ground out 5-3 (Groundball, 56S, EV 81.9 MPH)
Bottom of the 6th over - 0 runs, 0 hits, 0 errors, 0 left on base; University of Maine 3 - California State University at Fullerton 4
TOP OF THE 7TH
University of Maine Black Bears batting - Pitching for California State University at Fullerton Titans : LHP Hugo Alba
Pitching: RHP Jorge Garza
Pinch Hitting: RHB Rewa Havika 0-0: Called Strike
0-1: Ball
1-1: Ball
2-1: Swinging Strike
2-2: SINGLE (Groundball, 4MD, EV 94.4 MPH)
Batting: RHB Frank Gould 0-0: Called Strike
0-1: Ball
1-1: Ball
2-1: Foul Ball, location: 2F
2-2: Strikes out swinging
Batting: LHB John Bergeron 0-0: Grounds into double play, 4-6-3 (Groundball, 4, EV 105.0 MPH)
Top of the 7th over - 0 runs, 1 hit, 0 errors, 0 left on base; University of Maine 3 - California State University at Fullerton 4
BOTTOM OF THE 7TH
California State University at Fullerton Titans batting - Pitching for University of Maine Black Bears : LHP Garrett Strobel
Pitching: RHP Shizue Morimoto
Now at 3B: Rewa Havika
Batting: LHB Steve Lane 0-0: Called Strike
0-1: Foul Ball, location: 2F
0-2: Ball
1-2: Strikes out looking
Batting: RHB Alex Freyre 0-0: Ball
1-0: Ball
2-0: Foul Ball, location: 2F
2-1: Foul Ball, location: 2F
2-2: Ball
3-2: SOLO HOME RUN (Flyball, 78XD, EV 106.2 MPH), Distance : 409 ft
Batting: RHB Justin Thomas 0-0: Ball
1-0: Called Strike
1-1: Ball
2-1: Called Strike
2-2: Foul Ball, location: 2F
2-2: Strikes out looking
Batting: RHB Simon Sultzbach 0-0: Called Strike
0-1: Ball
1-1: Swinging Strike
1-2: Ball
2-2: Ball
3-2: Fly out, F9 (Flyball, 9, EV 96.9 MPH)
Bottom of the 7th over - 1 run, 1 hit, 0 errors, 0 left on base; University of Maine 3 - California State University at Fullerton 5
TOP OF THE 8TH
University of Maine Black Bears batting - Pitching for California State University at Fullerton Titans : RHP Jorge Garza
Pitching: RHP Jaime Zapata
Batting: LHB Ed Leighton 0-0: Swinging Strike
0-1: Swinging Strike
0-2: Foul Ball, location: 2F
0-2: Ball
1-2: Ball
2-2: Ground out U3 (Groundball, 3S, EV 83.8 MPH)
Batting: SHB Ron Handford 0-0: Ball
1-0: Ball
2-0: Called Strike
2-1: Ball
3-1: Foul Ball, location: 2F
3-2: Fly out, F7 (Line Drive, 7, EV 100.6 MPH)
Batting: RHB Justin Degon 0-0: Called Strike
0-1: Ground out 1-3 (Groundball, 13, EV 68.1 MPH)
Top of the 8th over - 0 runs, 0 hits, 0 errors, 0 left on base; University of Maine 3 - California State University at Fullerton 5
BOTTOM OF THE 8TH
California State University at Fullerton Titans batting - Pitching for University of Maine Black Bears : RHP Shizue Morimoto
Pitching: RHP Jorge Gutierrez
Batting: RHB Joe McKinzie 0-0: Ball
1-0: Ball
2-0: Ball
3-0: Called Strike
3-1: Base on Balls
Batting: LHB John Blumberg 0-0: Ball
1-0: Foul Ball, location: 2F
1-1: Foul Ball, location: 2F
1-2: Strikes out swinging
Batting: LHB Mike Lauritsen 0-0: Swinging Strike
0-1: Called Strike
0-2: Strikes out swinging
Batting: LHB Kris Zimbalist 0-0: Called Strike
0-1: Called Strike
0-2: Ball
1-2: Ball
2-2: Ground out 3-1 (Groundball, 34, EV 90.0 MPH)
Bottom of the 8th over - 0 runs, 0 hits, 0 errors, 1 left on base; University of Maine 3 - California State University at Fullerton 5
TOP OF THE 9TH
University of Maine Black Bears batting - Pitching for California State University at Fullerton Titans : RHP Jaime Zapata
Pitching: LHP David Garcia
Batting: RHB Wang Huan 0-0: Ground out 5-3 (Groundball, 25, EV 86.2 MPH)
Batting: RHB Bryan Douglas 0-0: Called Strike
0-1: Foul Ball, location: 2F
0-2: Ground out 3-1 (Groundball, 34S, EV 83.1 MPH)
Batting: RHB Geoffrey Gonzalez 0-0: Ball
1-0: Ball
2-0: Swinging Strike
2-1: DOUBLE (Line Drive, 9LM, EV 101.2 MPH)
Batting: RHB Rewa Havika 0-0: Ball
1-0: Ball
2-0: Foul Ball, location: 2F
2-1: Ball
3-1: Base on Balls
Batting: RHB Frank Gould 0-0: Called Strike
0-1: Foul Ball, location: 2F
0-2: Ball
1-2: Ball
2-2: Fly out, F3 (Popup, 34, EV 65.6 MPH)
Top of the 9th over - 0 runs, 1 hit, 0 errors, 2 left on base; University of Maine 3 - California State University at Fullerton 5
Tuesday, September 13th , 2022 - OOTP Baseball 23.7 Build 88